 Dungeon Crawl Stone Soup version 0.17.1-3-g152610e (webtiles) character file.

95 Gargoyl the Skirmisher (level 4, -3/35 HPs)
             Began as a Demonspawn Abyssal Knight on Mar 30, 2016.
             Was a Follower of Lugonu.
             Slain by a gnoll
             ... wielding a +0 whip
              (6 damage)
             ... on level 2 of the Dungeon.
             The game lasted 00:03:14 (1888 turns).

Gargoyl the Skirmisher (Demonspawn Abyssal Knight)  Turns: 1888, Time: 00:03:14

Health: -3/35      AC:  9    Str: 13    XL:     4   Next: 39%
Magic:  6/6        EV: 10    Int: 13    God:    Lugonu [*.....]
Gold:   36         SH:  3    Dex: 13    Spells: 0 memorised, 3 levels left

rFire  . . .     SeeInvis .     a - +1 hand axe
rCold  + . .     Clarity  .     j - +0 ring mail
rNeg   + . .     SustAt   .     h - +0 buckler {rN+}
rPois  .         Gourm    .     (no helmet)
rElec  .         Spirit   .     (no cloak)
rCorr  .         Warding  .     (no gloves)
rMut   .         Stasis   .     d - +1 pair of boots
MR     .....                    (no amulet)
Stlth  ++........               k - +2 ring of protection
                                i - ring of protection from cold

@: not resistant to hostile enchantments, unstealthy
A: demonic guardian 1, nightstalker 1
a: Depart the Abyss, Renounce Religion


You were on level 2 of the Dungeon.
You worshipped Lugonu.
Lugonu was aware of your devotion.
You were not hungry.

You visited 1 branch of the dungeon, and saw 2 of its levels.
You visited the Abyss 1 time.

You collected 36 gold pieces.

Inventory:

Hand Weapons
 a - a +1 hand axe (weapon)
Armour
 d - a +1 pair of boots (worn)
 h - a +0 buckler of positive energy (worn)
 j - a +0 ring mail (worn)
Jewellery
 i - a ring of protection from cold (left hand)
 k - a +2 ring of protection (right hand)
 m - an uncursed ring of protection from fire
Scrolls
 e - a scroll of remove curse
Potions
 f - a potion of might {unknown}
 n - 2 potions of curing {unknown}
Books
 b - a book of Maledictions

   Spells                             Type                      Level
   a - Corona                         Hexes                        1
   b - Ensorcelled Hibernation        Hexes/Ice                    2
   c - Confuse                        Hexes                        3
   d - Tukima's Dance                 Hexes                        3
   e - Dazzling Spray                 Conjuration/Hexes            3
Comestibles
 c - 3 bread rations
 g - 2 chunks of flesh


   Skills:
 + Level 3.4 Fighting
 + Level 2.3 Axes
 * Level 3.2 Armour
 + Level 1.5 Dodging
 + Level 2.7 Invocations


You had 3 spell levels left.
You didn't know any spells.

Dungeon Overview and Level Annotations

Branches:
Dungeon (2/15)

Altars:


Innate Abilities, Weirdness & Mutations

A weak demonic guardian rushes to your aid.
You are slightly more attuned to the shadows.


Message History

You kill the gnoll!
Lugonu accepts your kill.
You completely miss the gnoll.
The gnoll is moderately wounded.
The gnoll hits you with a whip.
* * * LOW HITPOINT WARNING * * *
You hit the gnoll but do no damage.
The gnoll is moderately wounded.
The gnoll hits you but does no damage.
You hit the gnoll.
The gnoll is severely wounded.
The gnoll hits you but does no damage. You block the gnoll's attack.
You closely miss the gnoll.
The gnoll is severely wounded.
The gnoll hits you with a whip.
* * * LOW HITPOINT WARNING * * *
You barely miss the gnoll.
The gnoll is severely wounded.
The gnoll hits you with a whip.
You die...

##.#### #.#
##...##
##.....##
#.....†<#
#.......### .
##........#####
#.#
##...###.....##
.... ##.##
#####.g#.....
### #)@)....#
#.......#
#.........
#......##.
.......#
#......##
##....##


You could see a gnoll.

Vanquished Creatures
  An orc wizard (D:1)
  3 gnolls
  An adder (D:2)
  A worm (D:2)
  2 giant geckos
  2 bats
  A giant cockroach (D:1)
  4 hobgoblins (D:1)
  2 kobolds (D:1)
  2 giant newts
  A goblin (D:1)
  4 rats
24 creatures vanquished.

Notes
Turn   | Place    | Note
--------------------------------------------------------------
     0 | Abyss:1  | Gargoyl the Demonspawn Abyssal Knight began the quest for the Orb.
     0 | Abyss:1  | Reached XP level 1. HP: 18/18 MP: 2/2
    81 | Abyss:1  | Found a corrupted altar of Lugonu.
   110 | Abyss:1  | Found a corrupted altar of Lugonu.
   185 | Abyss:1  | Noticed an apocalypse crab
   185 | Abyss:1  | Noticed a large abomination
   186 | D:1      | Escaped the Abyss
   400 | D:1      | Reached * piety under Lugonu
   504 | D:1      | Gained mutation: You are slightly more attuned to the shadows. [demonic ancestry]
   504 | D:1      | Reached XP level 2. HP: 21/24 MP: 3/3
  1081 | D:1      | Reached skill level 1 in Dodging
  1504 | D:2      | Found a faded altar to an unknown god.
  1563 | D:2      | Reached XP level 3. HP: 19/29 MP: 5/5
  1727 | D:1      | Gained mutation: A weak demonic guardian rushes to your aid. [demonic ancestry]
  1727 | D:1      | Reached XP level 4. HP: 20/35 MP: 6/6
  1888 | D:2      | Slain by a gnoll

Action                   |  1- 3 |  4- 6 || total
-------------------------+-------+-------++-------
Melee: Hand axe          |    81 |    16 ||    97
Invok: Depart the Abyss  |     1 |       ||     1
  Use: Scroll            |     3 |       ||     3
  Eat: Chunk             |     3 |       ||     3
